[Event "XTX Markets London Masters 2024"]
[Site "London"]
[Date "2024.11.30"]
[Round "3.30"]
[White "Petrov, Vladimir Sergeev"]
[Black "Patel, Zain"]
[Result "1-0"]
[ECO "B15"]
[WhiteElo "2349"]
[BlackElo "2083"]
[Annotator "TA"]
[PlyCount "171"]
[EventDate "2024.11.28"]
[EventType "swiss"]
[EventCountry "ENG"]
[SourceTitle "playchess.com"]
[Source "ChessBase"]
[SourceQuality "1"]
[TimeControl "40/5400+30:1800+30"]

1. e4 c6 2. d4 d5 3. Nd2 dxe4 4. Nxe4 Nf6 5. Nxf6+ exf6 6. c3 Bd6 7. Bd3 O-O 8. Qc2 {[%emt 0:00:27] Active counter play!} Re8+ 9. Ne2 h5 10. O-O Qc7 {[%emt 0:04:16] White is slightly better.} 11. h3 Nd7 12. Re1 c5 13. Bf4 {[%emt 0:02:44] Hoping for Bxd6.} Nf8 $1 (13... Bxf4 14. Nxf4 Qd8 (14... Rxe1+ $2 15. Rxe1 g6 16. Nxg6 $18) 15. Bc4 $16 (15. Nxh5 cxd4 16. cxd4 Nf8 $18)) 14. Bxd6 Qxd6 15. Ng3 Rxe1+ 16. Rxe1 h4 17. Ne4 Qe7 {[%emt 0:02:56] [#] And now ...f5 would win.} 18. Qd1 (18. Nxc5 $2 Qxe1+ 19. Bf1 Ng6 $19) (18. dxc5 f5 19. Qd2 fxe4 20. Bxe4 Be6 $19 (20... Qxc5 $2 21. Qd8 $19)) 18... cxd4 19. cxd4 Qb4 20. Qd2 (20. Nc3 $11 Be6 21. d5) 20... Qxd2 (20... Qxd4 {looks sharper.} 21. Nd6 f5 22. Nb5 Qd8) 21. Nxd2 Be6 22. a3 Rd8 23. Nf3 g5 24. Be4 b6 {[%emt 0:01:41] [#]} (24... Rd7 $5) 25. d5 $1 Bc8 (25... Bxd5 $2 26. Rd1 $18) 26. Nd4 f5 27. Bf3 {[%emt 0:00:03] Nc6 would now be deadly.} Bd7 28. Nc6 Bxc6 29. dxc6 $14 {[%emt 0:00:03][%mdl 4096] Endgame. KRB-KRN} Ne6 30. Kf1 Kg7 31. Rc1 Kf6 32. Ke2 (32. c7 Rc8 33. b4 (33. Bb7 Rxc7 34. Rxc7 Nxc7 $17) 33... Rxc7 34. Rxc7 Nxc7) 32... Nf4+ 33. Kf1 Ne6 34. Rc4 (34. c7 Rc8 35. Kg1 (35. Bb7 $2 Rxc7 36. Rxc7 Nxc7 $17) 35... Rxc7 36. Rxc7 Nxc7 $17) 34... Ke5 35. Ra4 (35. c7 Rc8 36. g3 (36. Bb7 $2 Rxc7 37. f4+ Kd6 $19) (36. Bh5 $2 Kf6 $19) 36... Rxc7 37. Rxc7 Nxc7 $15) 35... a5 36. Rc4 Kd6 37. c7 Rc8 38. Rc6+ Ke7 39. Rxb6 Rxc7 40. b4 (40. Rb7 $11) 40... Nd4 (40... Rc1+ $17 41. Ke2 Ra1 42. bxa5 Rxa3) 41. Bd1 axb4 42. Rxb4 Ne6 43. a4 Nf4 44. Rb1 {[%emt 0:00:41] Inhibits Rc1.} Rc5 45. Ra1 Ra5 46. Bf3 Kd6 47. Ke1 Nd3+ 48. Kd2 Nc5 49. Bd1 {[%emt 0:00:05] Prevents Nb3+} Ne4+ 50. Ke3 Ke5 51. Bc2 f4+ 52. Kf3 f5 53. Re1 Rc5 $1 54. Bxe4 fxe4+ 55. Rxe4+ $11 {[%emt 0:00:03] KR-KR} Kf5 {[%emt 0:00:14] ( -> ...Rc3+)} 56. Rb4 Rc3+ 57. Ke2 {[%emt 0:00:10] White wants to play Rb5+.} Rc2+ 58. Ke1 {[%emt 0:02:46] Threatening Rb5+.} Ra2 (58... g4 $11) 59. Rb5+ $16 Ke4 $2 {[%emt 0:01:15][%mdl 8192] Loses the game.} (59... Kf6 $16) 60. f3+ $18 ({Less strong is} 60. Rxg5 Ra1+ 61. Kd2 Ra2+ 62. Kc1 Rxa4 $11) 60... Ke3 61. Re5+ (61. Rxg5 $2 Ra1#) 61... Kd3 62. Rxg5 Rxa4 63. Re5 (63. Rd5+ $142 Rd4 64. Rh5) 63... Ra2 64. Kf1 {[%emt 0:00:06] aiming for Kg1.} Ra4 (64... Ra6 $142 65. Rh5 Ra1+ 66. Kf2 Kd4) 65. Kg1 Rb4 66. Kh2 Ra4 67. Rh5 Ke2 68. Rxh4 Kf1 69. Rg4 Rb4 70. h4 Ra4 71. Kh3 {[%emt 0:01:11] Threatening mate with h5.} Kf2 72. h5 Ra1 73. Kh4 Ra6 74. Kg5 Ra5+ 75. Kh6 {[%emt 0:00:00][%cal Og4g5] Threatens to win with Rg5!} Ra6+ 76. Rg6 Ra5 77. Rg5 Ra6+ 78. Kh7 {[%emt 0:00:08] White threatens h6 and mate.} Ra7+ 79. Rg7 Rxg7+ 80. Kxg7 {[%emt 0:00:05] White mates.} Kxg2 81. h6 Kxf3 {[%emt 0:00:12] KP-KP} 82. h7 Kg2 83. h8=Q ({Inferior is} 83. h8=R f3 $11) 83... f3 84. Qa8 Kf2 85. Kf6 Ke2 86. Qe4+ {[%emt 0:00:09] Weighted Error Value: White=0.08 (flawless) /Black=0.12 (very precise) .  Loses game:     	---       	Black=1      Mistake:       	White=2     	Black=3      Inaccurate:     	---       	Black=2      OK:         	White=26    	Black=15     Best:        	White=3     	Black=4      Strong:       	---       	Black=2} 1-0

[Event "XTX Markets London Masters 2024"]
[Site "London"]
[Date "2024.11.30"]
[Round "3.31"]
[White "Arakhamia-Grant, Ketevan"]
[Black "Hanache, Kai"]
[Result "0-1"]
[ECO "B52"]
[WhiteElo "2265"]
[BlackElo "2080"]
[Annotator "RC"]
[PlyCount "126"]
[EventDate "2024.11.28"]
[EventType "swiss"]
[EventCountry "ENG"]
[SourceTitle "playchess.com"]
[Source "ChessBase"]
[SourceQuality "1"]
[TimeControl "40/5400+30:1800+30"]

1. e4 c5 2. Nf3 d6 3. Bb5+ Bd7 4. Bxd7+ Nxd7 5. O-O Ngf6 6. Re1 e6 7. c3 Be7 8. d4 O-O 9. Nbd2 Rc8 10. e5 Ne8 11. Ne4 cxd4 12. cxd4 dxe5 13. dxe5 Nc5 14. Qe2 Nc7 15. Rd1 Nd5 16. Ng3 Qb6 17. Nd4 Rfd8 18. Qg4 f5 19. exf6 Nxf6 20. Qe2 Rd5 21. Be3 Rcd8 22. Nb3 Rxd1+ 23. Rxd1 Rxd1+ 24. Qxd1 Qc6 25. Bxc5 Bxc5 26. Qc2 Bb6 27. Qxc6 bxc6 28. h3 Kf7 29. Kf1 Bc7 30. Ne2 Bb6 31. Nd2 e5 32. Nc4 Bc7 33. Nc3 Ke6 34. Ke2 Nd5 35. Ne4 Nf4+ 36. Kf3 Kd5 37. b3 Nxg2 38. Nc3+ Kd4 39. Ne2+ Kd3 40. Nb2+ Kc2 41. Nc4 Nf4 42. Nxf4 exf4 43. Ke2 Kb1 44. a3 Ka2 45. b4 Kb3 46. Kd3 f3 47. Nd2+ Kxa3 48. Kc4 Bb6 49. Nxf3 Bxf2 50. Ne5 h5 51. Nxc6 g5 52. Ne5 Bg3 53. Nf3 g4 54. hxg4 hxg4 55. Nd4 Bd6 56. Nc2+ Kb2 57. Ne3 g3 58. b5 Kc1 59. Kd5 Kd2 60. Ng2 Bc7 61. Ke4 Ke2 62. Nh4 Kf2 63. Kd5 Bd8 0-1

[Event "XTX Markets London Masters 2024"]
[Site "London"]
[Date "2024.11.30"]
[Round "3.33"]
[White "Jermy, Jaden"]
[Black "Smith, Olivia"]
[Result "0-1"]
[ECO "E63"]
[WhiteElo "2011"]
[BlackElo "2129"]
[Annotator "NA RC"]
[PlyCount "70"]
[EventDate "2024.11.28"]
[EventType "swiss"]
[EventCountry "ENG"]
[SourceTitle "playchess.com"]
[Source "ChessBase"]
[SourceQuality "1"]
[TimeControl "40/5400+30:1800+30"]

1. d4 Nf6 2. Nf3 g6 3. c4 Bg7 4. g3 d6 5. Bg2 O-O 6. O-O Nc6 7. Nc3 a6 8. h3 Rb8 9. a4 a5 10. e4 Nd7 11. Be3 e5 12. d5 Nb4 13. Ne1 f5 14. f3 f4 15. Bf2 fxg3 16. Bxg3 Bh6 17. Ne2 Be3+ 18. Kh2 g5 19. Nd3 Nxd3 20. Qxd3 Bf4 21. Nxf4 gxf4 22. Bf2 b6 23. Rh1 Nc5 24. Qc2 Bd7 25. Kg1 Qe8 26. b3 Qh5 27. Kf1 Rf7 28. Ke2 Nxe4 29. Ke1 Nc5 30. Bxc5 bxc5 31. Kd2 Rg7 32. Rag1 Rg3 33. Qc3 Qg6 34. Rh2 e4 35. Qxa5 e3+ 0-1

[Event "XTX Markets London Masters 2024"]
[Site "London"]
[Date "2024.11.30"]
[Round "3.34"]
[White "Banerjee, Supratit"]
[Black "Venkataramanan, T.S."]
[Result "1/2-1/2"]
[ECO "C45"]
[WhiteElo "2141"]
[BlackElo "2227"]
[Annotator "RC"]
[PlyCount "67"]
[EventDate "2024.11.28"]
[EventType "swiss"]
[EventCountry "ENG"]
[SourceTitle "playchess.com"]
[Source "ChessBase"]
[SourceQuality "1"]
[TimeControl "40/5400+30:1800+30"]

1. e4 e5 2. Nf3 Nc6 3. d4 exd4 4. Nxd4 Bc5 5. Be3 Qf6 6. c3 Nge7 7. Bc4 O-O 8. O-O Qg6 9. Nd2 d6 10. f4 Kh8 11. f5 Qf6 12. N2f3 Ne5 13. Nxe5 dxe5 14. Nc2 Qc6 15. Qf3 b5 16. Bb3 Bb7 17. Rae1 Rad8 18. f6 gxf6 19. Qxf6+ Qxf6 20. Rxf6 Bxe3+ 21. Nxe3 Rd2 22. Ng4 Ng6 23. Rf2 Rxf2 24. Nxf2 Kg7 25. Rd1 Bc6 26. Bd5 Bd7 27. g3 f5 28. exf5 Bxf5 29. Be4 Be6 30. b3 a5 31. Bxg6 hxg6 32. Re1 Kf6 33. Rf1 Ke7 34. Re1 1/2-1/2

[Event "XTX Markets London Masters 2024"]
[Site "London"]
[Date "2024.11.30"]
[Round "3.35"]
[White "Smith, Andrew Philip"]
[Black "Li, Jack"]
[Result "1/2-1/2"]
[ECO "B33"]
[WhiteElo "2136"]
[BlackElo "1717"]
[Annotator "RC"]
[PlyCount "81"]
[EventDate "2024.11.28"]
[EventType "swiss"]
[EventCountry "ENG"]
[SourceTitle "playchess.com"]
[Source "ChessBase"]
[SourceQuality "1"]
[TimeControl "40/5400+30:1800+30"]

1. e4 c5 2. Nf3 e6 3. d4 cxd4 4. Nxd4 Nc6 5. Nb5 Nf6 6. N1c3 d6 7. Bf4 e5 8. Bg5 a6 9. Na3 b5 10. Nd5 Be7 11. Nxe7 Nxe7 12. Bxf6 gxf6 13. Qf3 f5 14. exf5 Bxf5 15. Bd3 Bxd3 16. Qxd3 Qc7 17. O-O d5 18. c3 O-O 19. Nc2 Rad8 20. a4 Ng6 21. axb5 Nf4 22. Qf5 axb5 23. Ne3 Qd6 24. Ra5 d4 25. Ng4 Qg6 26. Qxg6+ hxg6 27. Rxb5 dxc3 28. bxc3 Ne2+ 29. Kh1 Nxc3 30. Rxe5 Kg7 31. g3 Rfe8 32. Rfe1 Rxe5 33. Rxe5 Nd5 34. Re2 Nf6 35. Ne3 Ne4 36. Kg2 Nf6 37. Kf3 Rd4 38. h4 Nd7 39. Nc2 Rd3+ 40. Kf4 Nc5 41. Ne1 1/2-1/2

[Event "XTX Markets London Masters 2024"]
[Site "London"]
[Date "2024.11.30"]
[Round "3.36"]
[White "Manmay Chopra"]
[Black "Dignam, Matthew"]
[Result "1/2-1/2"]
[ECO "B07"]
[WhiteElo "2217"]
[BlackElo "2123"]
[Annotator "RC"]
[PlyCount "61"]
[EventDate "2024.11.28"]
[EventType "swiss"]
[EventCountry "ENG"]
[SourceTitle "playchess.com"]
[Source "ChessBase"]
[SourceQuality "1"]
[TimeControl "40/5400+30:1800+30"]

1. e4 d6 2. d4 Nf6 3. Nc3 c6 4. f4 Qa5 5. Bd3 e5 6. Nge2 Bg4 7. Be3 Nbd7 8. O-O Be7 9. h3 exf4 10. Bxf4 Bh5 11. Kh1 O-O 12. Qe1 Rfe8 13. Ng3 Bg6 14. Qf2 Nh5 15. Nxh5 Qxh5 16. Be2 Qa5 17. Bd3 Qh5 18. Rae1 Bh4 19. Bg3 Bxg3 20. Qxg3 Rad8 21. Qf3 Qxf3 22. gxf3 Nf6 23. f4 d5 24. e5 Bxd3 25. cxd3 Nh5 26. Kg2 g6 27. Ne2 Ng7 28. Ng3 Ne6 29. Ne2 Ng7 30. Ng3 Ne6 31. Ne2 1/2-1/2

[Event "XTX Markets London Masters 2024"]
[Site "London"]
[Date "2024.11.30"]
[Round "3.37"]
[White "Birkisson, Bjorn Holm"]
[Black "Sivanandan, Bodhana"]
[Result "1/2-1/2"]
[ECO "C43"]
[WhiteElo "2165"]
[BlackElo "2082"]
[Annotator "RC"]
[PlyCount "95"]
[EventDate "2024.11.28"]
[EventType "swiss"]
[EventCountry "ENG"]
[SourceTitle "playchess.com"]
[Source "ChessBase"]
[SourceQuality "1"]
[TimeControl "40/5400+30:1800+30"]

1. e4 e5 2. Nf3 Nf6 3. d4 Nxe4 4. Bd3 d5 5. Nxe5 Nd7 6. O-O Bd6 7. Nc3 Nxe5 8. dxe5 Bxe5 9. Nxe4 dxe4 10. Bxe4 Qxd1 11. Rxd1 O-O 12. Be3 c6 13. Bd4 Bxd4 14. Rxd4 Be6 15. g3 h6 16. h4 Rad8 17. Rad1 Rxd4 18. Rxd4 Re8 19. Bf3 Kf8 20. a3 Rc8 21. Bg4 Bxg4 22. Rxg4 Rd8 23. Kf1 h5 24. Ra4 a6 25. Ke2 g6 26. Re4 Rd7 27. a4 b5 28. axb5 axb5 29. b4 Rd6 30. Ke3 f5 31. Re5 Kf7 32. Rc5 Kf6 33. c4 bxc4 34. Rxc4 Ke7 35. Rd4 Re6+ 36. Kf4 Re2 37. Kg5 Rxf2 38. Kxg6 Rf3 39. Rf4 Rxg3+ 40. Kxf5 Rg8 41. Rd4 Rg2 42. Rf4 Rg8 43. Re4+ Kd7 44. Kf6 Rg4 45. Kf5 Rg8 46. Kf6 Rg4 47. Kf5 Rg8 48. Kf6 1/2-1/2

[Event "XTX Markets London Masters 2024"]
[Site "London"]
[Date "2024.11.30"]
[Round "3.38"]
[White "Subramanian, Anusha"]
[Black "Rocco, Federico"]
[Result "0-1"]
[ECO "A13"]
[WhiteElo "2131"]
[BlackElo "2154"]
[Annotator "RC"]
[PlyCount "96"]
[EventDate "2024.11.28"]
[EventType "swiss"]
[EventCountry "ENG"]
[SourceTitle "playchess.com"]
[Source "ChessBase"]
[SourceQuality "1"]
[TimeControl "40/5400+30:1800+30"]

1. Nf3 Nf6 2. c4 e6 3. g3 d5 4. Bg2 dxc4 5. Qa4+ Nbd7 6. Qxc4 a6 7. O-O b5 8. Qc2 Bb7 9. d3 Bd6 10. b3 O-O 11. Bb2 c5 12. Nbd2 h6 13. a4 Nb6 14. e4 Be7 15. Ne5 Qc7 16. f4 Rac8 17. f5 Bd6 18. Nef3 e5 19. a5 Nbd7 20. Rfe1 Nb8 21. h3 Nc6 22. g4 Nxa5 23. b4 Nc6 24. bxc5 Nb4 25. Qb3 Bxc5+ 26. Kh1 Nc6 27. Rac1 Qe7 28. g5 hxg5 29. Nxg5 Nh5 30. Ngf3 Bf2 31. Red1 Nd4 32. Nxd4 exd4 33. Nf3 Rxc1 34. Rxc1 Qd6 35. e5 Qh6 36. Rc2 Ng3+ 37. Kh2 Nf1+ 38. Kh1 Bxf3 39. Rxf2 Qxh3+ 40. Kg1 Bxg2 41. Rxg2 Ne3 42. Rg6 Kh8 43. Qb4 Rg8 44. f6 fxg6 45. fxg7+ Kh7 46. Qd2 Qf1+ 47. Kh2 Kxg7 48. Bxd4 Rh8+ 0-1

[Event "XTX Markets London Masters 2024"]
[Site "London"]
[Date "2024.11.30"]
[Round "3.39"]
[White "Zhou, Yang-Fan"]
[Black "Gallana, Marco"]
[Result "1-0"]
[ECO "B33"]
[WhiteElo "2418"]
[BlackElo "2216"]
[Annotator "TA"]
[PlyCount "65"]
[EventDate "2024.11.28"]
[EventType "swiss"]
[EventCountry "ENG"]
[SourceTitle "playchess.com"]
[Source "ChessBase"]
[SourceQuality "1"]
[TimeControl "40/5400+30:1800+30"]

1. e4 c5 2. Nf3 Nc6 3. d4 cxd4 4. Nxd4 Nf6 5. Nc3 e5 6. Ndb5 d6 7. Bg5 a6 8. Na3 b5 9. Nab1 (9. Bxf6 $1 $14 gxf6 10. Nd5) 9... Ne7 (9... Be7 $11 {is superior.}) 10. a3 (10. Bd3 $14) 10... d5 (10... Bb7 $11) 11. Bxf6 $14 gxf6 {[%emt 0:00:14] White is slightly better.} 12. Nxd5 Nxd5 13. Qxd5 Qxd5 14. exd5 Bf5 15. c4 bxc4 16. Nd2 c3 17. bxc3 Rc8 18. Bxa6 Rxc3 19. Bb5+ Kd8 20. Ke2 Rg8 21. g3 Rg4 {[%emt 0:03:07][%cal Of8h6] ...Bh6! is the strong threat.} 22. Rhc1 Rxc1 23. Rxc1 Rd4 {[%emt 0:00:18][%cal Of8h6] [#] Threatens to win with ...Bh6!} 24. Nb3 Rxd5 25. a4 e4 (25... Bb4 $11) 26. f4 (26. Bc4 $16 Bg4+ 27. Kf1 Rd1+ 28. Rxd1+ Bxd1 29. a5 (29. Bxf7 Bb4 $11)) 26... Be6 27. Na5 {[%emt 0:04:30] [#] And now Nb7+ would win.} Bg4+ $2 {[%emt 0:08:00][%mdl 8192] This move loses the game for Black.} (27... f5 $11 {and Black has nothing to worry.}) 28. Ke3 $18 Rd1 $2 ({Avoid the trap} 28... Bc5+ $2 29. Rxc5 Rxc5 30. Nb7+ (30. Kxe4 Rc1 $17) 30... Kc7 31. Nxc5 $18) (28... Bd6 29. Kxe4 Rh5 30. Nb7+ (30. Nc6+ Kd7 $18) 30... Ke7 31. Nxd6 Kxd6 32. Rc6+ Ke7 33. Rc7+ Kf8) 29. Nb7+ Ke7 30. Rxd1 Bxd1 31. a5 {[%emt 0:00:02][%cal Ba4a5,Ba5a6][%mdl 32] White wants to mate with a6!} Bb3 32. a6 (32. Kxe4 f5+ 33. Kd4 (33. Kxf5 Bd5 $18) 33... Bd1 $18) 32... Bd5 33. Kd4 {[%emt 0:00:54] Weighted Error Value: White=0.17 (very precise) /Black=0.69.  Loses game:     	---       	Black=1      Mistake:       	White=2     	Black=3      Inaccurate:     	White=1     	Black=2      OK:         	White=7     	Black=7      Best:        	White=3     	---} 1-0